 Dungeon Crawl Stone Soup version 0.31.0-12-g77e489cdc1 (webtiles) character file.

Game seed: 3820123302506026860

130 lordive the Sneak (level 5, -1/28 HPs)
             Began as a Kobold Enchanter on Mar 2, 2024.
             Slain by a gnoll
             ... wielding a +0 halberd
              (12 damage)
             ... on level 3 of the Dungeon.
             The game lasted 00:04:10 (2377 turns).

lordive the Sneak (Kobold Enchanter)                Turns: 2377, Time: 00:04:10

Health: -1/28      AC:  2    Str:  6    XL:     5   Next: 36%
Magic:  14/18      EV: 15    Int: 18    God:
Gold:   63         SH:  0    Dex: 15    Spells: 4/9 levels left

rFire   . . .        a - +1 dagger
rCold   . . .        (no shield)
rNeg    . . .        b - +0 robe
rPois   .            (no helmet)
rElec   .            (no cloak)
rCorr   .            (no gloves)
SInv    .            (no boots)
Will    .....        (no amulet)
Stlth   ++++         d - ring of magical power
HPRegen 0.24/turn    (no ring)
MPRegen 0.16/turn

%: no passive effects
@: no status effects
A: small, no large weapons, nightstalker 3
a: no special abilities


You were on level 3 of the Dungeon.
You visited 1 branch of the dungeon, and saw 3 of its levels.

You collected 167 gold pieces.
You spent 104 gold pieces at shops.

Inventory:

Hand Weapons
 a - a +1 dagger (weapon)
Armour
 b - a +0 robe (worn)
Jewellery
 d - a ring of magical power (left hand)
Wands
 j - a wand of roots (11)
Scrolls
 e - a scroll of fear {unknown}
 f - a scroll of torment {unknown}
 g - a scroll of poison {unknown}
 h - 2 scrolls of fog {unknown}
 l - a scroll of noise {unknown}
 o - a scroll of immolation {unknown}
Potions
 c - 2 potions of invisibility
 i - 2 potions of curing
 k - a potion of berserk rage
 m - 2 potions of resistance
 n - a potion of brilliance {unknown}


   Skills:
 + Level 2.3 Short Blades
 + Level 2.8 Dodging
 + Level 5.6 Stealth
 + Level 2.7 Spellcasting
 + Level 3.7 Hexes
 + Level 1.4 Ice Magic


You had 4 spell levels left.
You knew the following spells:

 Your Spells              Type           Power      Damage    Failure   Level
a - Ensorcelled Hibernat  Hex/Ice        22%        N/A       9%          2
b - Confusing Touch       Hex            16%        N/A       11%         3

Your spell library contained the following spells:

 Spells                   Type           Power      Damage    Failure   Level
 Tukima's Dance           Hex            16%        N/A       11%         3
 Sandblast                Erth           4%         2d4       17%         1
 Dazzling Flash           Conj/Hex       18%        N/A       24%         3
 Hailstorm                Conj/Ice       5%         3d5       36%         3
 Summon Ice Beast         Ice/Summ       5%         N/A       36%         3
 Passwall                 Erth           2%         N/A       45%         3
 Stone Arrow              Conj/Erth      4%         3d7       45%         3
 Brom's Barrelling Bould  Conj/Erth      2%         2d3       86%         4
 Sculpt Simulacrum        Ice/Alch       2%         N/A       100%        6


Dungeon Overview and Level Annotations

Branches:
Dungeon (3/15)

Altars:

Shops:
D:2 ?


Innate Abilities, Weirdness & Mutations

You are small and have problems with some larger weapons.
You are completely attuned to the shadows.


Message History

Aiming: Ensorcelled Hibernation (safe; 9% risk of failure)
Press: ? - help, Shift-Dir - straight line, f - giant cockroach
Aim: a giant cockroach (chance to affect: 62%)
The giant cockroach looks drowsy...
The helpless giant cockroach fails to defend itself.
You impale the giant cockroach!!
You kill the giant cockroach!
HP restored.
You see here a giant cockroach corpse.
A gnoll comes into view. It is wielding a +0 whip.
A gnoll is nearby!
A gnoll is nearby!
A gnoll comes into view. It is wielding a +0 whip.
A gnoll comes into view. It is wielding a +0 halberd.
The gnoll shouts! x3
The gnoll hits you with a +0 whip!
You barely miss the gnoll. The gnoll completely misses you.
Casting: Ensorcelled Hibernation (safe; 9% risk of failure)
Confirm with . or Enter, or press ? or * to list all spells.
Aiming: Ensorcelled Hibernation (safe; 9% risk of failure)
Press: ? - help, Shift-Dir - straight line, f - gnoll
Aim: a gnoll, wielding a +0 whip (chance to affect: 53%)
The gnoll looks drowsy...
The gnoll misses you. The gnoll closely misses you.
The helpless gnoll fails to defend itself.
You impale the gnoll!!
You kill the gnoll!
The gnoll completely misses you.
The gnoll hits you from afar with a +0 halberd!
Casting: Ensorcelled Hibernation (safe; 9% risk of failure)
Confirm with . or Enter, or press ? or * to list all spells.
Aiming: Ensorcelled Hibernation (safe; 9% risk of failure)
Press: ? - help, Shift-Dir - straight line, f - gnoll
Aim: a gnoll, wielding a +0 whip (chance to affect: 53%)
The gnoll looks drowsy...
The gnoll misses you.
You are too injured to fight recklessly!
The helpless gnoll fails to defend itself.
You impale the gnoll!!
You kill the gnoll!
The gnoll hits you with a +0 halberd!
You die...

..##. .#.#.## .........
##.#.#.#.### .....#
..........<.##
.....##.###.#.#.#)###
.........##.........##
.....g...#.#.#.#†#.##.
#....@)..#............
##....)..#.#.#.#.#.### #
#........#.........#
#.#........#........####
#..........##########...
####......## #.##
#......# #.# #......#
#.# #####.##### #.#


You could see a gnoll.

Vanquished Creatures
  A bombardier beetle (D:3)
  2 gnolls (D:3)
  An adder (D:3)
  2 dart slugs (D:1)
  A ribbon worm (D:2)
  An orc (D:3)
  4 ball pythons (D:1)
  6 bats
  3 endoplasms
  8 giant cockroaches
  9 goblins
  9 hobgoblins
  A quokka (D:1)
  A frilled lizard (D:1)
  2 kobolds (D:2)
  5 rats
56 creatures vanquished.

Notes
Turn   | Place    | Note
-------+----------+-------------------------------------------
     0 | D:1      | lordive the Kobold Enchanter began the quest for the Orb.
     0 | D:1      | Reached XP level 1. HP: 10/10 MP: 3/3
   155 | D:1      | Reached XP level 2. HP: 15/15 MP: 5/5
   174 | D:1      | Learned a level 2 spell: Ensorcelled Hibernation
   555 | D:1      | Reached XP level 3. HP: 19/19 MP: 6/6
  1175 | D:1      | Found a faded altar of an unknown god.
  1434 | D:2      | Identified the +6 short sword of Rolex {flame, rC+ rN+
                  | rCorr Str+3}
  1494 | D:2      | Found Ikedghije's Magic Scroll Boutique.
  1502 | D:2      | Reached skill level 5 in Stealth
  1510 | D:2      | Bought 3 scrolls of identify for 78 gold pieces
  1510 | D:2      | Bought a scroll of identify for 26 gold pieces
  1683 | D:2      | Reached XP level 4. HP: 24/24 MP: 7/7
  1835 | D:2      | Learned a level 3 spell: Confusing Touch
  2211 | D:3      | Reached skill level 1 in Ice Magic
  2269 | D:3      | Reached XP level 5. HP: 28/28 MP: 9/9
  2313 | D:3      | Identified the +10 short sword "Ompeceij" {speed, rN+ Str+2
                  | Dex-5}
  2377 | D:3      | Slain by a gnoll

Illustrated notes

Levels and vault maps discovered:
D:1:      roadster_arrival_rocket_small, layout_basic,
          shapermc_ecumenical_altar_hornbeckon, kennysheep_minor_cross,
          minmay_misc_feat_hallway, grunt_decor_resistance,
          dreamdust_wishing_well
D:2:      kennysheep_the_goblin_king, layout_rooms, serial_shops,
          nicolae_shop_trees, minmay_pentomino_u4
D:3:      layout_basic, mainiacjoe_overflow_concentric_impassable,
          chequers_serial_rivers_marsh, st_stairs_9, uniq_crazy_yiuf_cottage

Skill      XL: |  1  2  3  4 |
---------------+-------------+-----
Stealth        | 5 |  5.6
Ice Magic      | 1 |  1.4
Short Blades   | 2 |  2.3
Dodging        | |  2.8
Spellcasting   | |  2.7
Hexes          | |  3.7

Action                     |  1- 3 |  4- 6 || total
---------------------------+-------+-------++-------
  Melee: Dagger            |    56 |    34 ||    90
   Cast: Ensorcelled Hiber |    15 |    19 ||    34
    Use: Scroll            |     4 |       ||     4
   Stab: Sleeping          |    35 |    15 ||    50
 Armour: Robe              |     7 |    20 ||    27
  Dodge: Dodged            |    30 |    28 ||    58
